 Dungeon Crawl Stone Soup version 0.14-a0-629-g748cab2 (webtiles) character file.

4052 PolkaDot the Jinx (level 9, -10/55 HPs)
             Began as a Vampire Wizard on Nov 5, 2013.
             Was a High Priest of Sif Muna.
             Shot with an arrow by a centaur (11 damage)
             ... on Level 8 of the Dungeon.
             The game lasted 01:12:54 (10323 turns).

PolkaDot the Jinx (Vampire Wizard)                 Turns: 10323, Time: 01:12:55

HP -10/55        AC  5     Str 10      XL: 9   Next: 90%
MP  23/23        EV 12     Int 28      God: Sif Muna [*****.]
Gold 356         SH  0     Dex 12      Spells:  8 memorised,  2 levels left

Res.Fire  : . . .   See Invis. : +   n - +1,+2 trident (vamp)
Res.Cold  : . . .   Warding    : .   a - +0 robe
Life Prot.: . . .   Conserve   : .   (no shield)
Res.Poison: .       Res.Corr.  : .   b - +0 wizard hat
Res.Elec. : .       Clarity    : .   (no cloak)
Sust.Abil.: . .     Spirit.Shd : .   r - +0 pair of gloves
Res.Mut.  : .       Stasis     : .   h - +1 pair of dwarf boots
Res.Rott. : .       Flight     : .   (no amulet)
Saprovore : . . .                    i - +4 ring of strength
                                     t - ring of invisibility

@: repel missiles, regenerating quickly, brilliant, slowed, very slow, somewhat
resistant to hostile enchantments, stealthy
A: bottle blood, fangs 3, see invisible, unbreathing
a: Bottle Blood, Channel Energy, Forget Spell, Renounce Religion, Evoke
Invisibility


You were on level 8 of the Dungeon.
You worshipped Sif Muna.
Sif Muna was extremely pleased with you.
You were full.

You visited 2 branches of the dungeon, and saw 9 of its levels.

You collected 356 gold pieces.

Inventory:

Hand weapons
 n - a +1,+2 vampiric trident (weapon)
Armour
 a - a +0 robe (worn)
 b - a +0 wizard hat (worn)
 h - a +1 pair of dwarven boots (worn)
 m - a +0 buckler
 r - a +0 pair of gloves (worn)
Magical devices
 p - a wand of magic darts (7) {unknown}
 s - a wand of slowing (14) {unknown}
Scrolls
 g - a scroll of magic mapping
 j - 4 scrolls of identify
 l - 11 scrolls of remove curse
 u - a scroll of fog {unknown}
 x - a scroll of curse armour {unknown}
 y - a scroll of fear {unknown}
 B - a scroll of teleportation {unknown}
 C - a scroll of amnesia
Jewellery
 i - a +4 ring of strength (right hand)
 o - an uncursed amulet of stasis
 t - a ring of invisibility (left hand)
 A - a +3 ring of evasion {unknown}
Potions
 d - 2 potions of restore abilities
 w - a potion of berserk rage
 z - a potion of might {unknown}
Books
 c - a book of Minor Magic

   Spells                             Type                      Level
   *Magic Dart                        Conjuration                  1
   *Blink                             Translocation                2
   *Call Imp                          Summoning                    2
   *Repel Missiles                    Charms/Air                   2
   *Slow                              Hexes                        2
   *Conjure Flame                     Conjuration/Fire             3
   *Mephitic Cloud                    Conjuration/Poison/Air       3
 f - a book of Maledictions

   Spells                             Type                      Level
   Corona                             Hexes                        1
   Sure Blade                         Hexes/Charms                 2
   Ensorcelled Hibernation            Hexes/Ice                    2
   *Confuse                           Hexes                        3
   Enslavement                        Hexes                        4
   Invisibility                       Hexes                        6
Rods
 v - a +0 rod of demonology (12/12)
   (You found it on level 6 of the Dungeon)


   Skills:
 - Level 2.1 Dodging
 - Level 3.0 Stealth
 + Level 6.3 Spellcasting
 - Level 7.5 Conjurations
 * Level 11.4 Hexes
 - Level 1.3 Charms
 - Level 1.0 Summonings
 - Level 0.7 Translocations


You had 2 spell levels left.
You knew the following spells:

 Your Spells              Type           Power        Failure   Level  Hunger
a - Magic Dart            Conj           ####         1%          1    None
d - Mephitic Cloud        Conj/Pois/Air  #####...     1%          3    None
q - Blink                 Tloc           N/A          1%          2    None
s - Conjure Flame         Conj/Fire      #####...     1%          3    None
z - Call Imp              Summ           ####......   1%          2    None
C - Confuse               Hex            ######..     1%          3    None
D - Repel Missiles        Chrm/Air       ####......   1%          2    None
S - Slow                  Hex            ######..     1%          2    None


Dungeon Overview and Level Annotations

Branches:
Dungeon (8/27)             Temple (1/1) D:4             Orc (0/4) D:7
   Lair: D:8-13

Altars:
Ashenzari
Cheibriados
Fedhas
Kikubaaqudgha
Makhleb
Nemelex Xobeh
Sif Muna
Trog
Vehumet
Xom
Yredelemnul
Zin
the Shining One

Annotations:
D:3 JacquesDerrida's ghost, average DrSk


Innate Abilities, Weirdness & Mutations

Your natural rate of healing is unusually fast.
You can bottle blood from corpses.
You have razor-sharp teeth.*
You have supernaturally acute eyesight.
You can survive without breathing.*


Message History

Drink which item? (? for menu, Esc to quit)
You feel better.
The giant cockroach bites you but does no damage.
The centaur shoots an arrow.
The arrow misses you.
The giant cockroach bites you but does no damage.
Drink which item? (? for menu, Esc to quit)
You feel better.
The centaur shoots an arrow.
The arrow misses you.
The giant cockroach bites you but does no damage.
The centaur shoots an arrow.
The arrow hits you!
* * * LOW HITPOINT WARNING * * *
The giant cockroach closely misses you.
Drink which item? (? for menu, Esc to quit)
Magic courses through your body.
The centaur shoots an arrow.
The arrow hits you!
* * * LOW HITPOINT WARNING * * *
The centaur shoots an arrow.
The arrow hits you!
* * * LOW HITPOINT WARNING * * *
The giant cockroach bites you but does no damage.
The centaur shoots an arrow.
The arrow hits you!
You die...

.. ... . ..
#... ..# ..
#... ..# .
#..c####..# #
#.........#
#.........#
#....).ยง..#
#...$@....#
#...s.....####
#.....(.......
#......(......
#...#########
#...# #...#
#...#######
#........... .


You could see a centaur and a giant cockroach.

Vanquished Creatures
  Erolcha (D:8)
  A cyclops (D:7)
  The ghost of Vidiiot the Twirler, an average TeGl (D:5)
  Eustachio (D:5)
  A hungry ghost (D:7)
  A wolf (D:5)
  Edmund (D:5)
  2 orc warriors (D:7)
  2 sky beasts
  3 ogres
  An ice beast (D:7)
  3 gnoll sergeants (D:5)
  Blork the orc (D:5)
  6 crimson imps
  A black bear zombie (D:6)
  6 hounds
  A quasit (D:7)
  5 orc priests
  3 gnoll shamans (D:5)
  An iguana (D:3)
  2 orc wizards
  A scorpion (D:5)
  2 worker ants
  An ogre zombie (D:6)
  23 gnolls
  7 adders
  2 worms
  A grey rat (D:5)
  A giant eyeball (D:5)
  An iguana skeleton (D:8)
  8 giant geckos
  21 orcs
  5 giant cockroaches
  8 goblins
  17 hobgoblins
  2 ball pythons (D:6)
  13 bats
  7 giant newts
  6 jackals
  16 kobolds
  A kobold skeleton (D:5)
  11 rats
  A rat zombie (D:5)
199 creatures vanquished.

Vanquished Creatures (others)
  A kobold (D:1)
1 creature vanquished.

Grand Total: 200 creatures vanquished

Notes
Turn   | Place    | Note
--------------------------------------------------------------
     0 | D:1      | PolkaDot, the Vampire Wizard, began the quest for the Orb.
     0 | D:1      | Reached XP level 1. HP: 11/11 MP: 6/6
    47 | D:1      | Reached skill level 1 in Conjurations
   292 | D:1      | Reached XP level 2. HP: 17/17 MP: 4/8
  1405 | D:1      | Reached XP level 3. HP: 7/22 MP: 5/10
  1741 | D:2      | Learned a level 3 spell: Conjure Flame
  1745 | D:2      | Learned a level 3 spell: Mephitic Cloud
  1982 | D:2      | Reached XP level 4. HP: 11/28 MP: 3/12
  3271 | D:3      | Reached XP level 5. HP: 33/33 MP: 0/13
  3402 | D:3      | Reached skill level 4 in Conjurations
  3740 | D:3      | Noticed JacquesDerrida's ghost (average DrSk)
  4509 | D:4      | Noticed a moth of wrath
  4511 | D:4      | Found a bloodstained altar of Trog.
  4555 | D:4      | Reached XP level 6. HP: 22/39 MP: 4/15
  4824 | D:4      | Found a staircase to the Ecumenical Temple.
  4938 | Temple   | Entered the Ecumenical Temple
  5224 | Temple   | Learned a level 2 spell: Blink
  5249 | Temple   | Became a worshipper of Sif Muna the Loreminder
  5679 | D:5      | Entered Level 5 of the Dungeon
  5882 | D:5      | Noticed Blork the orc
  5909 | D:5      | Noticed an ogre
  5922 | D:5      | Noticed Edmund
  5923 | D:5      | Killed an ogre
  5923 | D:5      | Reached skill level 5 in Conjurations
  6016 | D:5      | Killed Edmund
  6016 | D:5      | Reached XP level 7. HP: 5/44 MP: 3/18
  6016 | D:5      | HP: 2/44 [scorpion (3)]
  6449 | D:5      | Killed Blork the orc
  6449 | D:5      | Acquired Sif Muna's first power
  6525 | D:5      | Noticed Vidiiot's ghost (average TeGl)
  6539 | D:5      | Killed Vidiiot's ghost
  6539 | D:5      | Reached skill level 6 in Conjurations
  6543 | D:5      | Learned a level 2 spell: Repel Missiles
  6779 | D:5      | Learned a level 2 spell: Slow
  7422 | D:5      | Noticed a wolf
  7432 | D:5      | Killed a wolf
  7432 | D:5      | Reached XP level 8. HP: 35/50 MP: 10/20
  7437 | D:5      | Learned a level 2 spell: Call Imp
  7451 | D:5      | Acquired Sif Muna's second power
  7563 | D:5      | Reached skill level 5 in Spellcasting
  7662 | D:5      | Reached skill level 7 in Conjurations
  7761 | D:5      | Noticed Eustachio
  7837 | D:5      | Killed Eustachio
  8068 | D:5      | Learned a level 3 spell: Confuse
  8125 | D:5      | Reached skill level 1 in Charms
  8190 | D:6      | Reached skill level 1 in Hexes
  8444 | D:6      | Found a radiant altar of Vehumet.
  8519 | D:6      | Reached XP level 9. HP: 46/55 MP: 20/22
  8562 | D:6      | Identified a +0 rod of demonology (12/12) (You found it on level 6 of the Dungeon)
  8848 | D:7      | Reached skill level 5 in Hexes
  9000 | D:7      | Found a staircase to the Orcish Mines.
  9142 | D:7      | Noticed a cyclops
  9181 | D:7      | Killed a cyclops
  9181 | D:7      | Acquired Sif Muna's third power
  9181 | D:7      | Reached skill level 9 in Hexes
  9488 | D:7      | Found a blossoming altar of Fedhas.
  9713 | D:7      | Reached skill level 10 in Hexes
 10205 | D:8      | Noticed Erolcha
 10317 | D:8      | Killed Erolcha
 10317 | D:8      | Reached skill level 11 in Hexes
 10323 | D:8      | HP: 1/55 [centaur/arrow (9)]
 10323 | D:8      | Shot with an arrow by a centaur

Action                   |  1- 3 |  4- 6 |  7- 9 || total
-------------------------+-------+-------+-------++-------
Melee: Unarmed           |     4 |       |       ||     4
       Short sword       |    80 |   134 |       ||   214
       Sabre             |       |    22 |    26 ||    48
       Trident           |       |       |   347 ||   347
 Cast: Magic Dart        |    83 |   115 |   113 ||   311
       Mephitic Cloud    |       |    17 |    23 ||    40
       Conjure Flame     |       |     7 |    76 ||    83
       Confuse           |       |       |     9 ||     9
       Slow              |       |       |     2 ||     2
       Repel Missiles    |       |       |     1 ||     1
Invok: Channel Energy    |       |       |    30 ||    30
  Use: Potion            |     6 |     5 |     5 ||    16
       Scroll            |       |     8 |     4 ||    12
 Stab: Sleeping          |     2 |       |     2 ||     4
       Confused          |       |    10 |    10 ||    20
       Distracted        |       |       |     1 ||     1
